 Seeded DCSS version 0.30.1-4-g462c640d31 (webtiles) character file.

Game seed: 920673320228942481 (custom seed)

25 Psyclone the Stinger (level 3, 0/21 HPs)
             Began as an Octopode Venom Mage on Sept 19, 2023.
             Killed from afar by Natasha (9 damage)
             ... with a magic dart
             ... on level 2 of the Dungeon.
             The game lasted 00:07:53 (1831 turns).

Psyclone the Stinger (Octopode Venom Mage)          Turns: 1831, Time: 00:07:53

Health: 0/21       AC:  1    Str: 10    XL:     3   Next: 4%
Magic:  1/6        EV: 13    Int: 25    God:
Gold:   978        SH:  0    Dex: 15    Spells: 3/6 levels left

rFire   + + .        l - +0 dagger
rCold   x . .        (no shield)
rNeg    . . .        (helmet restricted)
rPois   .            (no amulet)
rElec   +            c - ring "Ozxal" {Drain rElec rF+ Int+4}
rCorr   .            b - ring of Xom's Wantonness {Fire rElec Str+3 Int+2 Dex+3}
SInv    .            i - ring of wizardry
Will    .....        (no ring)
Stlth   +++          (no ring)
HPRegen 0.23/turn    (no ring)
MPRegen 0.10/turn    (no ring)
                     (no ring)

%: wizardry (x1)
@: no status effects
A: almost no armour, amphibious, 8 rings, camouflage 1, gelatinous body 1,
(nimble swimmer 1), tentacles
a: no special abilities


You were on level 2 of the Dungeon.
You visited 1 branch of the dungeon, and saw 2 of its levels.

You collected 978 gold pieces.

Inventory:

Hand Weapons
 l - a +0 dagger (weapon)
Jewellery
 b - the ring of Xom's Wantonness (right tentacle) {Fire rElec Str+3 Int+2 Dex+3}
   (You acquired it on level 1 of the Dungeon)

   [ring of fire]

   It enhances your fire magic.
   Str:       It affects your strength (+3).
   Int:       It affects your intelligence (+2).
   Dex:       It affects your dexterity (+3).
   rF:        It protects you from fire.
   rC:        It makes you vulnerable to cold.
   rElec:     It insulates you from electricity.
 c - the ring "Ozxal" (left tentacle) {Drain rElec rF+ Int+4}
   (You acquired it on level 1 of the Dungeon)

   [ring of protection from fire]

   Int:       It affects your intelligence (+4).
   rF:        It protects you from fire.
   rElec:     It insulates you from electricity.
   Drain:     It drains your maximum health when unequipped.
 i - a ring of wizardry (on tentacle)
 m - a ring of resist corrosion
Scrolls
 f - a scroll of teleportation {unknown}
 g - a scroll of amnesia {unknown}
 j - a scroll of fog {unknown}
Potions
 a - a potion of magic
 d - a potion of mutation {unknown}
 e - 2 potions of cancellation {unknown}
 h - a potion of resistance {unknown}
 k - a potion of lignification {unknown}
 n - a potion of heal wounds {unknown}
 o - a potion of brilliance {unknown}


   Skills:
 + Level 2.3 Dodging
 + Level 3.2 Stealth
 + Level 2.2 Spellcasting
 + Level 1.5 Transmutations
 + Level 3.9 Poison Magic


You had 3 spell levels left.
You knew the following spells:

 Your Spells              Type           Power      Damage    Failure   Level
a - Poisonous Vapours     Pois/Air       24%        N/A       3%          2
v - Sting                 Tmut/Pois      64%        1d6       1%          1

Your spell library contained the following spells:

 Spells                   Type           Power      Damage    Failure   Level
 Kiss of Death            Conj/Necr      8%         2d6       4%          1
 Mephitic Cloud           Conj/Pois/Air  9%         N/A       8%          3
 Confusing Touch          Hex            2%         N/A       13%         3
 Olgreb's Toxic Radiance  Pois           22%        N/A       9%          4
 Dispel Undead            Necr           2%         3d7       38%         4


Dungeon Overview and Level Annotations

Branches:
Dungeon (2/15) Zot: 10170

Altars:

Annotations:
D:2 1 runed translucent door, 1 exclusion, Crazy Yiuf, Natasha


Innate Abilities, Weirdness & Mutations

You cannot wear most types of armour.
You are amphibious.
You can wear up to eight rings at the same time.
Your skin changes colour to match your surroundings (Stealth+).
Your rubbery body absorbs attacks. (AC +1, EV +1)
((You are camouflaged when in or above water. (Stealth+)))
You have tentacles for arms and can constrict up to eight enemies at once.


Message History

You kill the bat!
As you open the door, it creaks loudly!
There is an open door here.
Natasha and a goblin come into view.
Casting: Poisonous Vapours (safe; 3% risk of failure)
Confirm with . or Enter, or press ? or * to list all spells.
Aiming: Poisonous Vapours (safe; 3% risk of failure)
Press: ? - help, Dir - move target, f - Natasha
Aim: Natasha (asleep)
You miscast Poisonous Vapours.
You are very lightly contaminated with residual magic.
Nothing appears to happen.
You now have 4/6 mp.
Casting: Poisonous Vapours (safe; 3% risk of failure)
Confirm with . or Enter, or press ? or * to list all spells.
Aiming: Poisonous Vapours (safe; 3% risk of failure)
Press: ? - help, Dir - move target, f/p - Natasha
Aim: Natasha (asleep) Poisonous vapours surround Natasha!
Natasha is poisoned.
Natasha hisses angrily.
Natasha stares at you and mumbles some strange words.
The magic dart hits you.
You take 3 damage, and have 18/21 hp.
You now have 2/6 mp.
Casting: Poisonous Vapours (safe; 3% risk of failure)
Confirm with . or Enter, or press ? or * to list all spells.
Aiming: Poisonous Vapours (safe; 3% risk of failure)
Press: ? - help, Dir - move target, f/p - Natasha
Aim: Natasha (poisoned) Poisonous vapours surround Natasha!
Natasha looks even sicker.
You now have 0/6 mp.
Natasha casts a spell at you. The magic dart hits you!
Ouch! That really hurt!
You take 11 damage, and have 8/21 hp.
MASSIVE DAMAGE!!
Natasha casts a spell at you. You resist with significant effort.
Your magical contamination has completely faded away.
Natasha stares at you and mumbles some strange words.
The magic dart hits you!
You die...

#.# #.# #####.##
..##..## # #.##...##
#..###.#h....#
#....h......#######
.......#.###.........
g##.#..### #@########
# #.. #.# #.. ##'##
#h. ##...## #..
##.....##
#..##.......##
#.........# #####
+.........+ .....
#.........# ##.##


You could see Natasha (poisoned).

Vanquished Creatures
  2 dart slugs
  3 endoplasms (D:2)
  A giant cockroach (D:2)
  2 goblins
  A quokka (D:2)
  5 ball pythons
  2 bats
  2 kobolds (D:2)
  A rat (D:1)
19 creatures vanquished.

Notes
Turn   | Place    | Note
-------+----------+-------------------------------------------
     0 | D:1      | Psyclone the Octopode Venom Mage began the quest for the
                  | Orb.
     0 | D:1      | Reached XP level 1. HP: 11/11 MP: 3/3
    62 | D:1      | Identified 3 scrolls of acquirement
    62 | D:1      | Acquired the ring "Ozxal" {Drain rElec rF+ Int+4}
    63 | D:1      | Acquired the ring of Xom's Wantonness {Fire rElec Str+3
                  | Int+2 Dex+3}
    64 | D:1      | Acquired 904 gold pieces
   742 | D:1      | Reached XP level 2. HP: 17/17 MP: 3/5
   781 | D:1      | Learned a level 2 spell: Poisonous Vapours
  1555 | D:2      | Found a runed translucent door.
  1556 | D:2      | Noticed Crazy Yiuf
  1734 | D:2      | Reached XP level 3. HP: 21/21 MP: 1/6
  1819 | D:2      | Noticed Natasha
  1831 | D:2      | Killed from afar by Natasha

Illustrated notes

Levels and vault maps discovered:
D:1:      dpeg_arrival_orchard, layout_basic
D:2:      layout_loops_corners, uniq_natasha, uniq_crazy_yiuf_cottage

Skill      XL: |  1  2 |
---------------+-------+-----
Stealth        | 3 |  3.2
Dodging        | |  2.3
Spellcasting   | |  2.2
Transmutations | |  1.5
Poison Magic   | |  3.9

Action                     || total
---------------------------++-------
  Melee: Unarmed           ||    12
         Constrict         ||     4
         Dagger            ||     6
         Tentacles         ||     4
   Cast: Sting             ||    20
         Poisonous Vapours ||     4
    Use: Scroll            ||     3
   Stab: Sleeping          ||     2
 Armour: Skin              ||     3
  Dodge: Dodged            ||    12
